[Event "42nd Olympiad Baku 2016 Open"]
[Site "Baku"]
[Date "2016.09.03"]
[Round "2.15"]
[White "Ameku, Philip Elikem"]
[Black "Mirzaad, S wahabuddin"]
[Result "1/2-1/2"]
[ECO "B01"]
[WhiteElo "1914"]
[BlackElo "2069"]
[Annotator ""]
[PlyCount "151"]
[EventDate "2016.??.??"]
[EventCountry "AZE"]
[SourceTitle "playchess.com"]
[Source "ChessBase"]
[WhiteTeam "Ghana"]
[BlackTeam "Afghanistan"]
[WhiteTeamCountry "GHA"]
[BlackTeamCountry "AFG"]
[TimeControl "40/5400+30:1800+30"]

1. e4 {(00:00)} d5 {(00:00)} 2. exd5 {(00:00)} Qxd5 {
(00:00)} 3. Nf3 {(00:00)} Bg4 {(00:11)} 4. Be2 {(
00:00)} Nf6 {(00:13)} 5. d4 {(00:07)} c6 {(00:33)} 6. c4 {
(00:10)} Qa5+ {(00:13)} 7. Bd2 {(00:08)} Qc7 {(00:
06)} 8. Nc3 {(00:11)} e6 {(00:08)} 9. Rc1 {(00:12)} Bd6 {
(00:31)} 10. h3 {(00:07)} Bh5 {(00:10)} 11. O-O {(
00:15)} O-O {(00:07)} 12. Re1 {(01:04)} Nbd7 {(00:17)} 13.
Ne5 {(03:18)} Bxe5 {(04:14)} 14. dxe5 {(01:10)} Qxe5 {
(00:24)} 15. g4 {(06:41)} Bg6 {(02:23)} 16. Bf3 {(
00:40)} Qc7 {(01:44)} 17. g5 {(02:44)} Ne8 {(01:21)} 18.
Ne2 {(01:12)} Ne5 {(01:26)} 19. Nf4 {(04:04)} Rd8 {
(04:31)} 20. Bg2 {(01:42)} Nd3 {(04:58)} 21. Nxd3 {
(00:54)} Rxd3 {(00:11)} 22. Qe2 {(00:42)} Qe7 {(02:
56)} 23. c5 {(03:23)} Nc7 {(01:52)} 24. Bf4 {(01:57)} Rfd8
{(03:59)} 25. h4 {(01:16)} Ne8 {(03:09)} 26. Qg4 {(
05:16)} R8d7 {(03:18)} 27. Re5 {(12:07)} Bf5 {(04:37)} 28.
Qe2 {(01:49)} f6 {(02:52)} 29. Re3 {(07:03)} Rd2 {(
05:24)} 30. Qh5 {(05:36)} Rxb2 {(02:03)} 31. Rce1 {(02:44]
} Qf7 {(05:30)} 32. Qf3 {(08:25)} e5 {(02:22)} 33. Bxe5 {
(05:39)} fxe5 {(04:19)} 34. Rxe5 {(00:21)} Be6 {(
08:05)} 35. Rxe6 {(05:10)} Nc7 {(00:24)} 36. Rd6 {(02:49)}
Rd2 {(06:12)} 37. Rxd7 {(03:45)} Rxd7 {(01:51)} 38. Qe3 {
(04:16)} Kf8 {(06:54)} 39. Bh3 {(04:32)} Re7 {(03:
29)} 40. Qd2 {(00:00)} Nd5 {(00:00)} 41. Rxe7 {(08:05)}
Qxe7 {(02:40)} 42. Qd4 {(01:47)} Qe1+ {(03:49)} 43. Kh2 {
(02:13)} Qb4 {(02:25)} 44. Qe5 {(07:21)} Qf4+ {(03:
45)} 45. Qxf4+ {(00:20)} Nxf4 {(00:01)} 46. Bc8 {(00:22)}
b6 {(03:22)} 47. Kg3 {(01:11)} Ne2+ {(00:59)} 48. Kg4 {
(00:49)} Nc3 {(00:14)} 49. cxb6 {(00:20)} axb6 {(
00:07)} 50. Be6 {(01:00)} Ke7 {(03:09)} 51. Bg8 {(00:41)}
c5 {(00:59)} 52. h5 {(00:43)} b5 {(04:05)} 53. Bxh7 {
(04:00)} Nxa2 {(00:28)} 54. Kf5 {(00:43)} Kf7 {(04:
52)} 55. Ke5 {(02:19)} Nc3 {(05:41)} 56. Kd6 {(00:50)} c4
{(02:14)} 57. Kc5 {(00:16)} Nd1 {(04:06)} 58. f3 {(
04:11)} Ne3 {(02:46)} 59. Kd4 {(01:26)} Ng2 {(01:49)} 60.
Be4 {(01:53)} Nf4 {(01:09)} 61. Kc5 {(03:30)} Ne6+ {
(03:04)} 62. Kxb5 {(00:24)} Nxg5 {(01:08)} 63. Kxc4 {
(00:03)} Kf6 {(00:48)} 64. Kd5 {(00:43)} Ne6 {(00:
26)} 65. Kd6 {(00:41)} Nf4 {(00:23)} 66. Bc6 {(03:28)}
Nxh5 {(00:21)} 67. Kd5 {(01:34)} Kf5 {(00:45)} 68. Kd4 {
(00:17)} Kf4 {(00:20)} 69. Kd3 {(00:16)} Ng3 {(00:
09)} 70. Ba8 {(00:16)} g5 {(00:50)} 71. Bb7 {(00:21)} Nf5
{(00:37)} 72. Be4 {(00:49)} Nh4 {(01:04)} 73. Ke2 {
(00:10)} Kg3 {(00:13)} 74. Ba8 {(00:27)} Ng2 {(01:
03)} 75. Bb7 {(00:16)} Kf4 {(01:09)} 76. Kf2 {(00:25)}
1/2-1/2

[Event "42nd Olympiad Baku 2016 Open"]
[Site "Baku"]
[Date "2016.09.03"]
[Round "2.9"]
[White "Amewounou, Komlan Kouessan"]
[Black "Almedina Ortiz, Edgardo J"]
[Result "0-1"]
[ECO "D01"]
[WhiteElo "1798"]
[BlackElo "2215"]
[Annotator ""]
[PlyCount "68"]
[EventDate "2016.??.??"]
[EventCountry "AZE"]
[SourceTitle "playchess.com"]
[Source "ChessBase"]
[WhiteTeam "TOG"]
[BlackTeam "PUR"]
[WhiteTeamCountry "TOG"]
[BlackTeamCountry "PUR"]
[TimeControl "40/5400+30:1800+30"]

1. d4 {(00:00)} Nf6 {(00:00)} 2. Nc3 {(00:00)} d5 {
(00:11)} 3. Bg5 {(00:22)} Nbd7 {(05:01)} 4. f3 {(
02:01)} c5 {(02:20)} 5. Qd3 {(08:13)} cxd4 {(14:28)} 6.
Qxd4 {(02:42)} Qa5 {(00:39)} 7. Bxf6 {(13:26)} Nxf6 {
(00:23)} 8. O-O-O {(00:14)} e6 {(06:42)} 9. e4 {(
00:40)} Bb4 {(00:17)} 10. Bb5+ {(02:26)} Ke7 {(27:20)} 11.
a3 {(10:36)} Bxc3 {(07:37)} 12. Qc5+ {(00:16)} Kd8 {
(00:03)} 13. Qd6+ {(00:18)} Bd7 {(00:21)} 14. Bxd7 {
(03:54)} Nxd7 {(01:42)} 15. bxc3 {(01:35)} Rc8 {(
06:48)} 16. Ne2 {(00:26)} Rc6 {(03:49)} 17. Qb4 {(00:19)}
Qxb4 {(00:54)} 18. cxb4 {(00:11)} dxe4 {(00:09)} 19. fxe4
{(06:49)} Ke7 {(00:48)} 20. Nd4 {(02:48)} Rc4 {(00:
09)} 21. Rhe1 {(05:38)} Rhc8 {(02:46)} 22. Re2 {(02:27)}
a5 {(04:18)} 23. Nb5 {(02:24)} R8c6 {(00:26)} 24. Red2 {
(17:48)} Ne5 {(00:17)} 25. Nd6 {(05:46)} Rc3 {(00:
18)} 26. Nxb7 {(01:29)} axb4 {(01:11)} 27. axb4 {(00:36)}
Rb6 {(00:27)} 28. Nc5 {(02:03)} Rxb4 {(05:42)} 29. Nd7 {
(00:33)} Nc4 {(02:12)} 30. Rf2 {(05:14)} Na3 {(01:
58)} 31. Ne5 {(00:54)} Rb1+ {(00:13)} 32. Kd2 {(00:17)}
Rxc2+ {(00:07)} 33. Ke1 {(00:16)} Rxd1+ {(00:10)} 34. Kxd1
{(00:39)} Rxf2 {(00:09)} 0-1

[Event "42nd Olympiad Baku 2016 Open"]
[Site "Baku"]
[Date "2016.09.03"]
[Round "2.11"]
[White "Andreasen, Joan Hendrik"]
[Black "Iotov, Valentin"]
[Result "0-1"]
[ECO "D31"]
[WhiteElo "2239"]
[BlackElo "2518"]
[Annotator ""]
[PlyCount "44"]
[EventDate "2016.??.??"]
[EventCountry "AZE"]
[SourceTitle "playchess.com"]
[Source "ChessBase"]
[WhiteTeam "Faroe Islands"]
[BlackTeam "Bulgaria"]
[WhiteTeamCountry "FAI"]
[BlackTeamCountry "BUL"]
[TimeControl "40/5400+30:1800+30"]

1. d4 {(00:00)} d5 {(00:00)} 2. c4 {(00:02)} e6 {(
00:00)} 3. Nc3 {(00:30)} Bb4 {(00:00)} 4. e3 {(00:27)} Nf6
{(05:11)} 5. Nge2 {(01:36)} O-O {(00:51)} 6. a3 {(
01:02)} Be7 {(01:32)} 7. cxd5 {(03:00)} exd5 {(01:02)} 8.
Nf4 {(00:49)} Re8 {(09:47)} 9. Bd3 {(13:03)} c6 {(
01:54)} 10. O-O {(01:40)} Bd6 {(09:08)} 11. Bd2 {(05:17)}
Nbd7 {(03:32)} 12. b4 {(06:44)} Nf8 {(07:30)} 13. Qc2 {
(09:24)} Ng6 {(13:38)} 14. g3 {(08:31)} Ng4 {(05:
19)} 15. h3 {(08:45)} Nh6 {(00:39)} 16. Kg2 {(01:42)} Bxf4
{(06:54)} 17. exf4 {(03:02)} Qf6 {(00:45)} 18. Be3 {
(07:25)} Bf5 {(06:15)} 19. Rae1 {(03:08)} Nh4+ {(
01:53)} 20. Kh1 {(12:48)} Nf3 {(00:31)} 21. Rc1 {(01:25)}
Bxh3 {(01:38)} 22. Rfd1 {(00:12)} Nf5 {(01:33)} 0-1

[Event "42nd Olympiad Baku 2016 Open"]
[Site "Baku"]
[Date "2016.09.03"]
[Round "2.7"]
[White "Antoniou, Antonis"]
[Black "Liu, Yeh Yang"]
[Result "1-0"]
[ECO "B30"]
[WhiteElo "2172"]
[BlackElo "2009"]
[Annotator ""]
[PlyCount "143"]
[EventDate "2016.??.??"]
[EventCountry "AZE"]
[SourceTitle "playchess.com"]
[Source "ChessBase"]
[WhiteTeam "Cyprus"]
[BlackTeam "Taiwan"]
[WhiteTeamCountry "CYP"]
[BlackTeamCountry "TPE"]
[TimeControl "40/5400+30:1800+30"]

1. e4 {(00:00)} c5 {(00:00)} 2. Nf3 {(00:00)} Nc6 {
(00:00)} 3. Bb5 {(00:00)} Nf6 {(00:00)} 4. Bxc6 {(
00:00)} bxc6 {(00:10)} 5. d3 {(03:24)} g6 {(00:39)} 6. O-O
{(00:11)} Bg7 {(00:01)} 7. Nc3 {(01:55)} O-O {(00:
07)} 8. Be3 {(05:54)} d6 {(00:42)} 9. h3 {(00:58)} Rb8 {
(00:27)} 10. Rb1 {(03:20)} e5 {(00:37)} 11. Qd2 {(
04:34)} Ne8 {(05:35)} 12. Nh2 {(07:54)} f5 {(06:11)} 13.
exf5 {(03:57)} Bxf5 {(02:57)} 14. Ne2 {(05:14)} Nf6 {
(01:41)} 15. b3 {(15:15)} Nd5 {(02:48)} 16. Bg5 {(
00:37)} Qb6 {(03:06)} 17. Ng4 {(06:13)} Bxg4 {(02:01)} 18.
hxg4 {(00:20)} Rf7 {(00:29)} 19. Nc3 {(17:05)} Nf4 {
(04:06)} 20. Bxf4 {(04:47)} Rxf4 {(00:06)} 21. f3 {
(01:48)} c4+ {(01:08)} 22. Kh2 {(08:49)} cxd3 {(01:
09)} 23. Qxd3 {(00:28)} Rd4 {(02:31)} 24. Qe3 {(02:31)} d5
{(12:13)} 25. Ne2 {(00:34)} Rb4 {(00:06)} 26. Qxb6 {
(03:24)} axb6 {(00:02)} 27. a4 {(01:23)} d4 {(12:
43)} 28. Nc1 {(00:04)} d3 {(00:01)} 29. Nxd3 {(02:21)} Rd4
{(00:03)} 30. Rbe1 {(00:40)} Re8 {(00:25)} 31. Re2 {
(00:42)} c5 {(04:04)} 32. Rfe1 {(00:27)} c4 {(00:
50)} 33. Nxe5 {(01:00)} cxb3 {(00:08)} 34. cxb3 {(00:02)}
Rb4 {(00:34)} 35. Nc4 {(01:05)} Rxe2 {(00:45)} 36. Rxe2 {
(00:01)} Rxb3 {(00:07)} 37. Re6 {(00:57)} Bd4 {(00:
21)} 38. a5 {(00:32)} bxa5 {(07:00)} 39. Nxa5 {(00:02)}
Kf7 {(00:17)} 40. Nxb3 {(00:00)} Kxe6 {(00:00)} 41. Nxd4+
{(00:12)} Kd5 {(01:37)} 42. Ne2 {(02:55)} Ke5 {(00:
05)} 43. Kg3 {(00:54)} g5 {(00:16)} 44. Kf2 {(00:06)} Kd5
{(01:08)} 45. Ke3 {(00:15)} Ke5 {(00:03)} 46. Nc3 {
(00:27)} h6 {(00:07)} 47. g3 {(00:04)} Ke6 {(00:13]
} 48. Ke4 {(00:05)} Kf6 {(00:06)} 49. Kd5 {(01:01)} Kf7 {
(00:15)} 50. Ke5 {(00:08)} Ke7 {(00:14)} 51. Kf5 {(
00:09)} Kf7 {(00:01)} 52. Nd5 {(00:20)} Kg7 {(00:02)} 53.
Nf6 {(00:11)} Kf7 {(01:35)} 54. Nh5 {(01:41)} Kg8 {
(00:21)} 55. Kg6 {(00:09)} Kh8 {(01:30)} 56. Kxh6 {
(00:13)} Kg8 {(00:10)} 57. Kxg5 {(00:09)} Kh7 {(00:
04)} 58. f4 {(00:07)} Kg8 {(00:03)} 59. Kg6 {(00:11)} Kh8
{(00:03)} 60. f5 {(00:15)} Kg8 {(00:43)} 61. f6 {(
00:08)} Kh8 {(00:06)} 62. g5 {(00:10)} Kg8 {(00:07)} 63.
f7+ {(00:16)} Kf8 {(00:07)} 64. Nf6 {(00:18)} Ke7 {
(00:05)} 65. g4 {(00:31)} Kf8 {(00:16)} 66. Nh7+ {(
00:10)} Ke7 {(00:07)} 67. f8=Q+ {(00:09)} Ke6 {(00:06)}
68. Qc5 {(01:12)} Kd7 {(00:01)} 69. Kf7 {(00:50)} Kd8 {
(00:03)} 70. Qe7+ {(00:14)} Kc8 {(00:01)} 71. g6 {(
00:13)} Kb8 {(01:16)} 72. g7 {(00:15)} 1-0

[Event "42nd Olympiad Baku 2016 Open"]
[Site "Baku"]
[Date "2016.09.03"]
[Round "2.18"]
[White "Anwuli Daniel"]
[Black "Yahi Mohamed Salem"]
[Result "1-0"]
[ECO "A10"]
[WhiteElo "2336"]
[BlackElo "1852"]
[Annotator ""]
[PlyCount "107"]
[EventDate "2016.??.??"]
[EventCountry "AZE"]
[SourceTitle "playchess.com"]
[Source "ChessBase"]
[WhiteTeam "Nigeria"]
[BlackTeam "MTN"]
[WhiteTeamCountry "NGR"]
[TimeControl "40/5400+30:1800+30"]

1. c4 {(00:00)} d6 {(00:00)} 2. g3 {(00:00)} Nf6 {(
00:10)} 3. Bg2 {(00:00)} g6 {(00:21)} 4. Nc3 {(00:00)} Bg7
{(00:17)} 5. e4 {(00:03)} e5 {(00:18)} 6. Nge2 {(
00:04)} O-O {(00:22)} 7. O-O {(00:20)} Be6 {(00:26)} 8. d3
{(00:16)} Nc6 {(00:51)} 9. h3 {(00:07)} Qd7 {(00:
41)} 10. Kh2 {(00:01)} Nh5 {(01:00)} 11. Be3 {(02:07)} f5
{(01:41)} 12. exf5 {(00:14)} gxf5 {(00:30)} 13. f4 {
(00:20)} Rae8 {(02:45)} 14. Qd2 {(00:56)} Nf6 {(04:
01)} 15. Rad1 {(02:49)} e4 {(04:15)} 16. b3 {(00:30)} exd3
{(01:06)} 17. Qxd3 {(00:27)} Nb4 {(01:01)} 18. Qd2 {
(00:15)} Ne4 {(00:28)} 19. Nxe4 {(00:08)} fxe4 {(
08:38)} 20. Qxb4 {(00:05)} b6 {(00:50)} 21. Nd4 {(00:29)}
c5 {(01:08)} 22. Qd2 {(01:15)} cxd4 {(00:22)} 23. Bxd4 {
(00:01)} b5 {(08:25)} 24. cxb5 {(03:38)} d5 {(00:
20)} 25. Bxg7 {(00:46)} Qxg7 {(00:25)} 26. f5 {(01:05)}
Bf7 {(07:13)} 27. f6 {(07:53)} Qg6 {(00:16)} 28. Qe3 {
(00:35)} Rc8 {(00:48)} 29. Rd2 {(02:04)} Rc7 {(00:
56)} 30. a4 {(04:02)} Rfc8 {(00:16)} 31. b6 {(01:16)} axb6
{(01:03)} 32. Qxb6 {(12:27)} Rc3 {(00:56)} 33. Qd6 {
(01:14)} Qg5 {(02:19)} 34. Rdf2 {(10:31)} R3c6 {(
02:27)} 35. Qb4 {(02:35)} Rc3 {(02:08)} 36. Qd6 {(06:59)}
R3c6 {(00:29)} 37. Qf4 {(03:13)} Qxf4 {(01:46)} 38. Rxf4 {
(00:17)} Rc2 {(01:03)} 39. Rg4+ {(03:44)} Kf8 {(00:
16)} 40. Rg7 {(00:00)} Rb2 {(00:00)} 41. Rxh7 {(04:22)}
Kg8 {(06:39)} 42. Rg7+ {(00:15)} Kf8 {(00:05)} 43. Kg1 {
(08:30)} Rcc2 {(00:50)} 44. Bh1 {(00:14)} Rxb3 {(
00:35)} 45. Ra1 {(02:06)} Rbb2 {(01:18)} 46. h4 {(04:17)}
Rf2 {(01:24)} 47. a5 {(02:57)} Ra2 {(00:39)} 48. Rxa2 {
(00:05)} Rxa2 {(00:02)} 49. g4 {(00:29)} e3 {(00:
28)} 50. Rxf7+ {(00:02)} Kg8 {(03:37)} 51. Bxd5 {(01:03)}
Ra1+ {(00:32)} 52. Kg2 {(00:15)} Rxa5 {(01:06)} 53. Rd7+ {
(00:07)} Kh8 {(00:49)} 54. Rd8+ {(00:09)} 1-0

[Event "42nd Olympiad Baku 2016 Open"]
[Site "Baku"]
[Date "2016.09.03"]
[Round "2.28"]
[White "Arvind, Goru"]
[Black "Khader, Sami"]
[Result "0-1"]
[ECO "A03"]
[WhiteElo "1717"]
[BlackElo "2373"]
[Annotator ""]
[PlyCount "66"]
[EventDate "2016.??.??"]
[EventCountry "AZE"]
[SourceTitle "playchess.com"]
[Source "ChessBase"]
[WhiteTeam "Fiji"]
[BlackTeam "Jordan"]
[WhiteTeamCountry "FIJ"]
[BlackTeamCountry "JOR"]
[TimeControl "40/5400+30:1800+30"]

1. f4 {(00:17)} d5 {(00:00)} 2. Nf3 {(00:46)} g6 {(
00:38)} 3. d4 {(01:53)} Bg7 {(00:26)} 4. e3 {(00:59)} Nh6
{(00:13)} 5. Bb5+ {(05:17)} c6 {(00:05)} 6. Be2 {(
00:37)} O-O {(00:06)} 7. O-O {(01:08)} Nf5 {(01:37)} 8.
Bd2 {(07:28)} Qb6 {(02:27)} 9. b3 c5 10. c3 {(05:20)} Nc6
{(01:27)} 11. Na3 {(02:25)} Bd7 {(06:16)} 12. Nc2 {
(02:46)} Nd6 {(01:30)} 13. Nce1 {(06:48)} Ne4 {(06:
10)} 14. Nd3 {(02:34)} cxd4 {(07:34)} 15. cxd4 {(01:02)}
Bg4 {(02:18)} 16. Nde5 {(02:56)} h5 {(16:45)} 17. Nxg4 {
(08:18)} hxg4 {(00:05)} 18. Ne5 Bxe5 19. dxe5 {(12:12)} d4
{(00:56)} 20. Be1 {(06:21)} dxe3 {(03:15)} 21. Qd5 {
(05:35)} Nd2 {(09:28)} 22. e6 {(06:05)} f5 {(01:44]
} 23. Kh1 {(01:45)} Nxf1 {(03:28)} 24. Bxf1 {(00:26)} Rad8
{(01:19)} 25. Qc4 {(00:45)} Rd4 {(00:45)} 26. Qc2 {
(03:18)} Rxf4 {(00:13)} 27. Bc3 {(01:51)} Rf2 {(00:
36)} 28. Qc1 {(03:48)} Qc5 {(01:12)} 29. Qe1 {(02:48)}
Rxf1+ {(00:10)} 30. Qxf1 {(00:17)} Qxc3 {(00:06)} 31. Rc1
{(01:23)} e2 {(00:10)} 32. Qg1 {(00:54)} Qxc1 {(00:
13)} 33. Qxc1 {(00:43)} Rd8 {(00:07)} 0-1

[Event "42nd Olympiad Baku 2016 Open"]
[Site "Baku"]
[Date "2016.09.03"]
[Round "2.18"]
[White "Ayyad, Maher"]
[Black "Capo Vidal, Uriel"]
[Result "0-1"]
[ECO "D02"]
[WhiteElo "2076"]
[BlackElo "2314"]
[Annotator ""]
[PlyCount "80"]
[EventDate "2016.??.??"]
[EventCountry "AZE"]
[SourceTitle "playchess.com"]
[Source "ChessBase"]
[WhiteTeam "Brunei"]
[BlackTeam "Mexico"]
[WhiteTeamCountry "BRN"]
[BlackTeamCountry "MEX"]
[TimeControl "40/5400+30:1800+30"]

1. d4 {(00:00)} d5 {(00:00)} 2. Nf3 {(00:00)} Nf6 {
(00:05)} 3. Bf4 {(00:00)} c5 {(02:46)} 4. e3 {(00:
15)} Nc6 {(00:20)} 5. c3 {(02:34)} Qb6 {(00:15)} 6. Qb3 {
(00:06)} c4 {(00:06)} 7. Qc2 {(00:03)} Bf5 {(00:14]
} 8. Qc1 {(00:16)} Qd8 {(04:17)} 9. Be2 {(02:56)} e6 {
(00:21)} 10. Nbd2 {(00:17)} b5 {(01:39)} 11. O-O {(
01:55)} Bd6 {(02:02)} 12. Bxd6 {(08:00)} Qxd6 {(01:00)}
13. Re1 {(00:12)} O-O {(05:22)} 14. Bd1 {(01:22)} e5 {
(10:32)} 15. dxe5 {(02:22)} Nxe5 {(00:09)} 16. Nxe5 {
(00:10)} Qxe5 {(00:08)} 17. Bc2 {(00:56)} Be4 {(03:
03)} 18. f3 {(01:18)} Bxc2 {(07:49)} 19. Qxc2 {(00:33)} a5
{(00:32)} 20. e4 {(02:18)} d4 {(01:56)} 21. cxd4 {(
00:10)} Qxd4+ {(00:08)} 22. Kh1 {(00:23)} a4 {(03:21)} 23.
a3 {(00:23)} Nd7 {(01:20)} 24. f4 {(09:37)} Nc5 {(
03:53)} 25. Nf3 {(05:54)} Qd3 {(03:08)} 26. Qe2 {(02:42)}
Rfe8 {(00:59)} 27. e5 {(03:37)} Rad8 {(07:00)} 28. Kg1 {
(04:11)} Qxe2 {(11:30)} 29. Rxe2 {(03:55)} Rd3 {(
00:47)} 30. Rae1 {(15:53)} g6 {(02:35)} 31. Ng5 {(02:18)}
Rb3 {(10:39)} 32. Rf1 {(24:52)} Rd8 {(11:36)} 33. f5 {
(04:55)} gxf5 {(00:02)} 34. Rxf5 {(00:21)} Rd1+ {(
01:21)} 35. Rf1 {(00:34)} Rxf1+ {(00:25)} 36. Kxf1 {(00:
06)} Nd3 {(00:07)} 37. Ne4 {(00:28)} b4 {(02:38)} 38. Rc2
{(01:03)} c3 {(03:01)} 39. bxc3 {(00:46)} bxa3 {(
00:12)} 40. Ke2 {(00:00)} a2 {(00:00)} 0-1

[Event "42nd Olympiad Baku 2016 Open"]
[Site "Baku"]
[Date "2016.09.03"]
[Round "2.25"]
[White "Babarykin, Stanislav"]
[Black "Joseph, Elton"]
[Result "1-0"]
[ECO "B40"]
[WhiteElo "2339"]
[BlackElo "1842"]
[Annotator ""]
[PlyCount "55"]
[EventDate "2016.??.??"]
[EventCountry "AZE"]
[SourceTitle "playchess.com"]
[Source "ChessBase"]
[WhiteTeam "IBCA"]
[BlackTeam "Bahamas"]
[WhiteTeamCountry "RUS"]
[BlackTeamCountry "BAH"]
[TimeControl "40/5400+30:1800+30"]

1. e4 {(00:00)} c5 {(00:50)} 2. Nf3 e6 {(02:06)} 3. g3 {
(00:46)} g6 {(01:41)} 4. Bg2 Bg7 {(02:30)} 5. d4 {(
08:21)} cxd4 {(03:58)} 6. Nxd4 {(03:28)} Qb6 {(05:42)} 7.
Nb3 {(01:39)} Nc6 {(06:41)} 8. O-O {(01:14)} Nf6 {(
02:43)} 9. Be3 {(00:52)} Qc7 {(06:09)} 10. Nc3 {(03:46)}
a6 {(03:03)} 11. Bc5 Bf8 {(06:31)} 12. Bxf8 {(02:09)} Kxf8
{(00:36)} 13. Qd2 {(01:48)} Kg7 {(01:30)} 14. Rad1 b6 {
(04:20)} 15. f4 {(01:43)} Bb7 {(16:27)} 16. e5 {(
00:49)} Nd5 {(01:41)} 17. Bxd5 {(07:40)} exd5 18. Nxd5 {(
01:01)} Qb8 {(04:27)} 19. f5 {(08:02)} Nxe5 {(04:42)} 20.
f6+ {(09:24)} Kf8 {(02:46)} 21. Nxb6 {(01:25)} Qa7 {
(10:47)} 22. Qh6+ {(00:07)} Ke8 {(00:34)} 23. Qe3 {
(06:56)} Kd8 {(04:08)} 24. Qc5 {(00:56)} Re8 {(03:
30)} 25. Nxd7 Nxd7 {(01:27)} 26. Rxd7+ {(00:58)} Kxd7 {(
00:24)} 27. Rd1+ {(00:22)} Bd5 28. Rxd5+ 1-0

[Event "42nd Olympiad Baku 2016 Open"]
[Site "Baku"]
[Date "2016.09.03"]
[Round "2.2"]
[White "Balbalosa, Jeffrey"]
[Black "Del Castilho, Martyn"]
[Result "0-1"]
[ECO "B20"]
[WhiteElo "1768"]
[BlackElo "2248"]
[Annotator ""]
[PlyCount "111"]
[EventDate "2016.??.??"]
[EventCountry "AZE"]
[SourceTitle "playchess.com"]
[Source "ChessBase"]
[WhiteTeam "PLW"]
[BlackTeam "Barbados"]
[BlackTeamCountry "BAR"]
[TimeControl "40/5400+30:1800+30"]

1. e4 {(00:00)} c5 {(00:00)} 2. d3 {(00:00)} Nc6 {(
00:00)} 3. Nf3 {(00:00)} g6 {(00:00)} 4. g3 {(00:02)} Bg7
{(00:04)} 5. Bg2 {(00:10)} Nf6 {(00:09)} 6. O-O {(
00:10)} O-O {(00:09)} 7. Re1 {(00:11)} d5 {(00:11)} 8.
Nbd2 {(00:32)} d4 {(02:54)} 9. Nf1 {(00:46)} e5 {(
00:34)} 10. h4 {(00:36)} Bd7 {(04:54)} 11. N1h2 {(00:17)}
b5 {(01:46)} 12. Bg5 {(00:50)} h6 {(02:55)} 13. Bd2 {
(02:37)} c4 {(01:48)} 14. a3 {(08:27)} Be6 {(02:46]
} 15. Rc1 {(08:02)} a5 {(05:42)} 16. Qe2 {(02:32)} Qb6 {
(01:45)} 17. Red1 {(09:14)} Nd7 {(19:14)} 18. h5 {(
20:12)} Nc5 {(11:22)} 19. Nh4 {(04:34)} Kh7 {(01:12)} 20.
f4 {(00:25)} Na4 {(21:59)} 21. Rf1 {(07:01)} Nxb2 {
(02:11)} 22. hxg6+ {(12:08)} fxg6 {(00:21)} 23. Nxg6 {
(00:24)} Kxg6 {(00:33)} 24. f5+ {(00:06)} Kh7 {(00:
48)} 25. fxe6 {(01:51)} c3 {(01:00)} 26. Be1 {(02:37)} Ne7
{(05:22)} 27. Bh3 {(01:06)} Rxf1+ {(00:50)} 28. Kxf1 {
(01:38)} b4 {(01:50)} 29. axb4 {(01:49)} axb4 {(01:
15)} 30. Qh5 {(01:05)} Rf8+ {(00:27)} 31. Kg2 {(00:49)} b3
32. Qe2 {(04:14)} Qb5 {(05:14)} 33. Nf3 {(06:03)} bxc2 {
(00:37)} 34. Rxc2 {(02:09)} Qxd3 {(04:29)} 35. Qxd3 {
(01:32)} Nxd3 {(00:02)} 36. Bxc3 {(00:31)} dxc3 {(
00:06)} 37. Rxc3 {(00:02)} Nb4 {(00:23)} 38. Rc5 {(01:25)}
Nbc6 {(00:22)} 39. Nh4 {(00:20)} Nd4 {(02:12)} 40. Nf5 {
(00:00)} Ndxf5 41. exf5 {(00:23)} Rc8 {(01:47)} 42. Rxc8 {
(00:10)} Nxc8 43. Kf3 Kg8 {(01:16)} 44. g4 {(00:31)} Kf8 {
(00:14)} 45. Bf1 {(01:29)} Nd6 {(00:12)} 46. Bd3 {(
01:49)} Bf6 {(00:07)} 47. Bb1 {(09:21)} Ke7 {(00:05)} 48.
Bc2 {(00:25)} Kd8 {(00:08)} 49. Bb1 {(00:45)} Kc7 {
(00:04)} 50. Bc2 {(00:20)} Kb6 {(00:10)} 51. Bb1 {(
00:23)} Kc5 {(00:18)} 52. Bc2 {(00:30)} Kd4 {(00:08)} 53.
Bb1 {(00:08)} e4+ {(01:05)} 54. Ke2 {(00:11)} Ke5 {
(00:18)} 55. Bxe4 {(06:29)} Kxe4 {(00:10)} 56. Kf2 {
(00:07)} 0-1

[Event "42nd Olympiad Baku 2016 Open"]
[Site "Baku"]
[Date "2016.09.03"]
[Round "2.4"]
[White "Becham, Khalid"]
[Black "Woodley, Adrian"]
[Result "1-0"]
[ECO "C00"]
[WhiteElo "2134"]
[BlackElo "1322"]
[Annotator ""]
[PlyCount "57"]
[EventDate "2016.??.??"]
[EventCountry "AZE"]
[SourceTitle "playchess.com"]
[Source "ChessBase"]
[WhiteTeam "Morocco"]
[BlackTeam "Bermuda"]
[WhiteTeamCountry "MAR"]
[BlackTeamCountry "BER"]
[TimeControl "40/5400+30:1800+30"]

1. e4 {(00:43)} e6 {(02:46)} 2. b3 {(02:39)} d5 {(
02:06)} 3. Bb2 {(00:12)} Nc6 {(01:19)} 4. e5 {(01:47)}
Nge7 {(01:31)} 5. Nf3 {(03:12)} Bd7 {(01:36)} 6. d4 {
(01:47)} Nf5 {(00:38)} 7. Nbd2 {(02:44)} Be7 {(01:
30)} 8. g4 {(01:34)} Nh6 {(02:08)} 9. Rg1 {(01:27)} f6 {
(03:35)} 10. exf6 {(02:52)} gxf6 {(00:23)} 11. h4 {
(07:01)} Rg8 {(07:00)} 12. Bh3 {(05:20)} Nf7 {(01:
36)} 13. Qe2 {(00:17)} Nb4 {(01:02)} 14. O-O-O {(02:40)}
c5 {(11:49)} 15. a3 {(00:50)} Nc6 {(01:00)} 16. g5 {
(01:56)} fxg5 {(18:19)} 17. Nxg5 {(02:21)} Bxg5 {(
13:05)} 18. hxg5 {(00:02)} Qe7 {(00:57)} 19. dxc5 {(02:51]
} O-O-O {(00:24)} 20. Bf6 {(00:02)} Qxc5 {(00:53)} 21. b4
{(01:37)} Qb6 {(06:10)} 22. Bxe6 {(01:00)} Bxe6 {(
03:37)} 23. Qxe6+ {(00:03)} Rd7 {(00:27)} 24. Nc4 {(00:27]
} Qc7 {(02:11)} 25. Rxd5 {(00:09)} Ncd8 {(04:41)} 26. Bxd8
{(01:23)} Nxd8 {(00:53)} 27. Qxg8 {(00:08)} Rxd5 {(
01:39)} 28. Qxd5 {(00:02)} Qf4+ {(00:23)} 29. Kb2 {(01:20]
} 1-0